 Dungeon Crawl Stone Soup version 0.30-a0-723-gc1506a1cf0 (webtiles) character file.

Game seed: 17902823238925020794

2287 pokeman the Thaumaturge (level 9, -5/49 HPs)
             Began as a Deep Elf Hedge Wizard on Jan 28, 2023.
             Was a Believer of Vehumet.
             Slain by an acid dragon (12 damage)
             ... on level 8 of the Dungeon.
             The game lasted 00:13:48 (7741 turns).

pokeman the Thaumaturge (Deep Elf Hedge Wizard)     Turns: 7741, Time: 00:13:49

Health: -5/49      AC:  3    Str:  7    XL:     9   Next: 17%
Magic:  25/25      EV: 13    Int: 24    God:    Vehumet [**....]
Gold:   142        SH:  0    Dex: 17    Spells: 9/29 levels left

rFire   . . .      SeeInvis .    E - +9 war axe of the Squeaky God {elec, rN+ Dex+3}
rCold   . . .      Faith    .    (no shield)
rNeg    + . .      Spirit   .    L - +0 steam dragon scales
rPois   +          Reflect  .    c - +0 hat
rElec   .          Harm     .    r - +0 cloak
rCorr   +          Rampage  .    q - +0 pair of gloves
Will    .....                    (no boots)
Stlth   ++                       K - amulet of regeneration
HPRegen 1.08/turn                w - ring of resist corrosion
MPRegen 0.19/turn                o - ring of poison resistance

@: corroded
A: no striking features
a: Renounce Religion


You were on level 8 of the Dungeon.
You worshipped Vehumet.
Vehumet was pleased with you.
You visited 2 branches of the dungeon, and saw 9 of its levels.
You also visited: Sewer.

You collected 375 gold pieces.
You spent 233 gold pieces at shops.

Inventory:

Hand Weapons
 E - the +9 war axe of the Squeaky God (weapon) {elec, rN+ Dex+3}
   (You found it on level 4 of the Dungeon)

   Dex:       It affects your dexterity (+3).
   rN:        It protects you from negative energy.
Missiles
 v - a throwing net
Armour
 c - a +0 hat (worn)
 g - a +1 robe of cold resistance
 q - a +0 pair of gloves (worn)
 r - a +0 cloak (worn)
 G - the -2 pair of boots of the Watermelon {rElec rPois Regen+ Str-5}
   (You bought it in a shop on level 1 of the Dungeon)

   Str:       It affects your strength (-5).
   rElec:     It insulates you from electricity.
   rPois:     It protects you from poison.
   Regen:     It increases your rate of health regeneration.
 L - +0 steam dragon scales (worn)
Magical Staves
 D - a staff of death
 F - a staff of conjuration
Jewellery
 f - a ring of flight
 o - a ring of poison resistance (right hand)
 w - a ring of resist corrosion (left hand)
 B - a ring of protection from cold
 K - an amulet of regeneration (around neck)
Wands
 l - a wand of roots (10)
 A - a wand of polymorph (12)
 I - a wand of light (7)
Scrolls
 b - a scroll of brand weapon
 e - 4 scrolls of teleportation
 i - 3 scrolls of amnesia
 s - 2 scrolls of fear
 u - 3 scrolls of fog
 x - 3 scrolls of vulnerability
 y - a scroll of magic mapping
 z - a scroll of immolation {unknown}
 C - a scroll of blinking {unknown}
 M - a scroll of enchant armour {unknown}
Potions
 a - 2 potions of mutation
 d - a potion of magic
 h - 5 potions of resistance
 j - 2 potions of lignification
 k - a potion of flight
 m - a potion of cancellation {unknown}
 n - 2 potions of curing {unknown}
 p - a potion of ambrosia {unknown}
 t - 2 potions of haste {unknown}
 H - 4 potions of heal wounds {unknown}
 J - a potion of invisibility {unknown}
 N - 2 potions of attraction {unknown}


   Skills:
 + Level 2.4 Fighting
 - Level 3.0 Armour
 - Level 3.0 Dodging
 - Level 3.0 Stealth
 * Level 10.9 Spellcasting
 + Level 5.9 Conjurations
 - Level 2.0 Summonings
 - Level 2.1 Necromancy
 - Level 1.1 Translocations
 + Level 4.4 Fire Magic
 - Level 1.1 Air Magic
 - Level 1.0 Poison Magic
 - Level 1.0 Evocations


You had 9 spell levels left.
You knew the following spells:

 Your Spells              Type           Power      Damage    Failure   Level
a - Magic Dart            Conj           100%       1d8       1%          1
b - Mephitic Cloud        Conj/Pois/Air  26%        N/A       4%          3
c - Call Imp              Summ           22%        N/A       3%          2
d - Blink                 Tloc           36%        N/A       4%          2
e - Fireball              Conj/Fire      19%        3d9       16%         5
f - Orb of Destruction    Conj           20%        9d8       98%         7

Your spell library contained the following spells:

 Spells                   Type           Power      Damage    Failure   Level
 Momentum Strike          Conj/Tloc      60%        3d9       1%          2
 Slow                     Hex            52%        N/A       4%          1
 Cigotuvi's Dreadful Rot  Necr/Pois/Air  38%        N/A       4%          2
 Sticky Flame             Conj/Fire      38%        2d6       5%          4
 Ignite Poison            Fire/Tmut/Pois 21%        N/A       7%          3
 Iskenderun's Battlesphe  Conj           41%        2d9       12%         5
 Frozen Ramparts          Ice            26%        1d4       14%         3
 Summon Ice Beast         Ice/Summ       17%        N/A       32%         4
 Ice Form                 Ice/Tmut       13%        N/A       43%         4
 Conjure Ball Lightning   Conj/Air       15%        3x3d6     86%         6
 Ignition                 Fire           17%        3d7       100%        8


Dungeon Overview and Level Annotations

Branches:
Dungeon (8/15)             Temple (1/1) D:4            Lair (0/5) D:8
  Sewer (visited)

Altars:
Cheibriados
Dithmenos
Elyvilon
Fedhas
Gozag
Kikubaaqudgha
Makhleb
Nemelex Xobeh
Okawaru
Qazlal
Ru
Sif Muna
Trog
Uskayaw
Vehumet
Xom
Yredelemnul
Zin
The Shining One

Shops:
D:1 [   D:3 *


Message History

The splash of acid hits you! You resist. The acid corrodes you!
You hear a shout! x3
You swap places.
The acid dragon barely misses you. The acid dragon misses you.
The acid dragon barely misses you. The acid dragon closely misses you.
You barely miss the acid dragon.
An orc wizard comes into view. It is wielding a +0 dagger.
The acid dragon bites you!
The acid dragon claws you but does no damage.
Your crimson imp hits the acid dragon but does no damage.
The acid dragon bites you. The acid dragon claws you.
You hit the acid dragon.
The acid dragon is lightly wounded.
Your crimson imp hits the acid dragon but does no damage.
The orc wizard mumbles some strange words.
The orc wizard flickers and vanishes!
Deactivating autopickup; reactivate with Ctrl-A.
The acid dragon spits acid at you. The splash of acid hits you. You resist.
Your crimson imp barely misses the acid dragon.
You closely miss the acid dragon.
The acid dragon is lightly wounded.
An orc comes into view. It is wielding a +0 whip.
The acid dragon bites you but does no damage.
The acid dragon claws you.
Your crimson imp hits the acid dragon.
The acid dragon closely misses you. The acid dragon claws you.
* * * LOW HITPOINT WARNING * * *
You closely miss the acid dragon.
The acid dragon is lightly wounded.
Your crimson imp hits the acid dragon but does no damage.
An orc comes into view. It is wielding a +0 shortbow.
The acid dragon spits acid at you. The splash of acid hits you! You resist.
* * * LOW HITPOINT WARNING * * *
Your crimson imp barely misses the acid dragon.
You swap places.
The acid dragon barely misses you. The acid dragon closely misses you.
Your crimson imp misses the acid dragon.
The acid dragon attacks as you move away!
The acid dragon bites you!
You die...

#. #... ##### #.##.#.
....# ...... .##.#
##..... # .##.# #.....#
.### .##.# #.....# .....
..#.# #.....##### #.#.#.
..#.# ###.).)....##......
..#.# #.......##@#...#.#.
..#.###.#.....##5D..o....
......).)...>........#.#.
#†#####.#.....##......o..
#.#####.#.#.#.##.#...#.#.
.....##.#.###.##.##......
#.##.##.#.# #.##.# #.....
.<.#.##.... .....# #+###
..#..###### #.####


You could see an acid dragon (ally target), 2 orcs and a friendly crimson imp
(summoned).

Vanquished Creatures
  A steam dragon (D:7)
  A water moccasin (D:7)
  An ice beast (D:6)
  A sky beast (D:6)
  A centaur (D:7)
  3 ogres
  A phantom (D:5)
  2 kobold brigands
  3 bullfrogs (D:6)
  2 scorpions
  5 wights (D:6)
  A howler monkey (D:8)
  A hound (D:4)
  2 orc priests
  4 jellies
  5 iguanas
  A gnoll bouda (D:6)
  3 orc wizards
  5 gnolls (D:6)
  6 adders
  A river rat (Sewer)
  2 shadow imps
  A white imp (D:4)
  An ufetubus (D:7)
  3 worms
  4 dart slugs
  24 orcs
  3 bats
  7 endoplasms
  2 giant cockroaches
  6 hobgoblins
  14 kobolds
  6 quokkas
  17 ball pythons
  6 frilled lizards
  4 goblins
  12 rats
162 creatures vanquished.

Notes
Turn   | Place    | Note
-------+----------+-------------------------------------------
     0 | D:1      | pokeman the Deep Elf Hedge Wizard began the quest for the
                  | Orb.
     0 | D:1      | Reached XP level 1. HP: 10/10 MP: 7/7
   195 | D:1      | Found Kacze's Antique Armour Emporium.
   311 | D:1      | Reached XP level 2. HP: 16/16 MP: 6/9
  1174 | D:2      | Reached skill level 5 in Spellcasting
  1174 | D:2      | Reached XP level 3. HP: 19/20 MP: 5/11
  1179 | D:2      | Learned a level 3 spell: Mephitic Cloud
  1182 | D:2      | Learned a level 2 spell: Call Imp
  1185 | D:2      | Learned a level 2 spell: Blink
  1356 | D:2      | Found a faded altar of an unknown god.
  2076 | D:3      | Found Sodafula's General Store.
  2086 | D:3      | Bought a scroll of identify for 24 gold pieces
  2128 | D:3      | Reached skill level 1 in Fighting
  2312 | D:3      | Reached skill level 1 in Armour
  2360 | D:3      | Reached XP level 4. HP: 23/25 MP: 5/13
  3107 | D:4      | Found a staircase to the Ecumenical Temple.
  3131 | D:4      | Reached skill level 6 in Spellcasting
  3131 | D:4      | Reached XP level 5. HP: 27/29 MP: 2/15
  3153 | Temple   | Entered the Ecumenical Temple
  3315 | Temple   | Became a worshipper of Vehumet
  3596 | D:4      | Identified the +9 war axe of the Squeaky God {elec, rN+
                  | Dex+3}
  3730 | D:4      | Reached skill level 1 in Poison Magic
  3730 | D:4      | Reached skill level 1 in Evocations
  3914 | D:4      | Reached skill level 1 in Necromancy
  3914 | D:4      | Reached skill level 1 in Air Magic
  3914 | D:4      | Reached XP level 6. HP: 34/34 MP: 11/17
  4412 | D:1      | Bought a pair of crude boots for 209 gold pieces
  4412 | D:1      | Identified the -2 pair of boots of the Watermelon {rElec
                  | rPois Regen+ Str-5} (You bought it in a shop on level 1 of
                  | the Dungeon)
  4693 | D:5      | Entered Level 5 of the Dungeon
  4706 | D:5      | Reached skill level 7 in Spellcasting
  4809 | D:5      | Reached XP level 7. HP: 35/38 MP: 13/19
  4870 | D:5      | Learned a level 5 spell: Fireball
  4878 | D:5      | Learned a level 7 spell: Orb of Destruction
  5383 | D:6      | Found a glowing drain.
  5391 | D:6      | Reached * piety under Vehumet
  5391 | D:6      | Offered knowledge of Sandblast by Vehumet.
  5393 | Sewer    | Entered a sewer
  5444 | Sewer    | Reached skill level 1 in Fire Magic
  5778 | Sewer    | Reached skill level 8 in Spellcasting
  5809 | Sewer    | Found a viscous altar of Jiyva.
  6028 | D:6      | Reached XP level 8. HP: 37/44 MP: 19/22
  6093 | D:6      | Reached ** piety under Vehumet
  6093 | D:6      | Offered knowledge of Freeze by Vehumet.
  6101 | D:6      | Reached skill level 9 in Spellcasting
  6433 | D:6      | Reached skill level 5 in Conjurations
  6712 | D:6      | Reached skill level 10 in Spellcasting
  6923 | D:7      | Reached XP level 9. HP: 48/48 MP: 10/25
  7663 | D:8      | Found a staircase to the Lair.
  7671 | D:8      | Offered knowledge of Momentum Strike by Vehumet.
  7741 | D:8      | Slain by an acid dragon

Illustrated notes

Levels and vault maps discovered:
D:1:      dpeg_arrival_leaves_temple_mockup, layout_basic, serial_shops,
          nicolae_shop_statue_plus
D:2:      layout_loops_corners, ebering_ecumenical_altar_box
D:3:      layout_loops_ring, serial_shops, nicolae_lakefront_shop
D:4:      layout_loops_corners, minmay_temple_entry_hall, kennysheep_boxes
D:5:      layout_rooms
D:6:      layout_rooms, cheibrodos_sewer_entry_drain
D:7:      layout_basic
D:8:      layout_loops_corners, lair_entry_dummy, glass_columns_c,
          nicolae_wooded_promenade, uniq_maggie
Temple:   compressed_dpeg_triangle_lava_temple

Skill      XL: |  1  2  3  4  5  6  7  8 |
---------------+-------------------------+-----
Spellcasting   | 5 6 7 8 10 | 10.9
Conjurations   | 2 3 4 5 |  5.9
Fighting       | 1 2 |  2.4
Armour         | 1 3 |  3.0
Dodging        | 3 |  3.0
Stealth        | 3 |  3.0
Poison Magic   | 1 |  1.0
Evocations     | 1 |  1.0
Necromancy     | 1 2 |  2.1
Air Magic      | 1 |  1.1
Summonings     | 2 |  2.0
Fire Magic     | 2 4 |  4.4
Translocations | |  1.1

Action                     |  1- 3 |  4- 6 |  7- 9 || total
---------------------------+-------+-------+-------++-------
  Melee: Mace              |    12 |    15 |       ||    27
         Punch             |     1 |       |       ||     1
         War axe           |       |    17 |    56 ||    73
   Cast: Magic Dart        |    95 |    86 |   202 ||   383
         Mephitic Cloud    |     1 |     8 |    13 ||    22
         Call Imp          |       |     1 |     4 ||     5
    Use: Scroll            |       |       |    12 ||    12
   Stab: Confused          |     1 |     4 |     5 ||    10
         Sleeping          |     1 |       |       ||     1
         Distracted        |       |     1 |       ||     1
 Armour: Robe              |     7 |    12 |    11 ||    30
         Steam dragon scal |       |       |     8 ||     8
  Dodge: Dodged            |    22 |    26 |    64 ||   112

Table legend: (Time is in decaauts)
 A = Elapsed time spent in this place.
 B = Non-inter-level travel time spent in this place.
 C = Inter-level travel time spent in this place.
 D = Time resting spent in this place.
 E = Time spent auto-exploring this place.
 F = Levels seen in this place.
 G = Mean time per level.
                   A        B        C        D        E       F      G
               +--------+--------+--------+--------+--------+-----+--------+
         Total |   7786 |   7386 |    400 |    145 |   6186 |  10 |  778.6 |
       Dungeon |   6972 |   6582 |    390 |    145 |   5501 |   8 |  871.5 |
        Temple |    299 |    289 |     10 |      0 |    272 |   1 |  299.0 |
         Sewer |    514 |    514 |      0 |      0 |    413 |   1 |  514.0 |
               +--------+--------+--------+--------+--------+-----+--------+

Top non-repeatable levels by time:
     D:4: 1328 daAuts
     D:3: 1122 daAuts
     D:2: 1108 daAuts
     D:1: 847 daAuts
     D:6: 822 daAuts
     D:5: 770 daAuts
     D:7: 729 daAuts
   Sewer: 514 daAuts
  Temple: 299 daAuts
     D:8: 242 daAuts
